 Dungeon Crawl Stone Soup version 0.27.1 (webtiles) character file.

Game seed: 15125720332414927074

30 ZARRMARR the Grasshopper (level 3, -2/18 HPs)
             Began as a Spriggan Warper on Aug 31, 2021.
             Slain by a worm (10 damage)
             ... on level 2 of the Dungeon.
             The game lasted 00:08:49 (2039 turns).

ZARRMARR the Grasshopper (Spriggan Warper)          Turns: 2039, Time: 00:08:50

Health: -2/18      AC:  2    Str:  7    XL:     3   Next: 3%
Magic:  7/8        EV: 18    Int: 15    God:
Gold:   42         SH:  0    Dex: 14    Spells: 4/7 levels left

rFire    . . .     SeeInvis +   a - +0 short sword
rCold    . . .     Faith    .   (shield restricted)
rNeg     . . .     Spirit   .   b - +0 robe
rPois    .         Reflect  .   (helmet restricted)
rElec    .         Harm     .   (no cloak)
rCorr    .         Rampage  .   (gloves unavailable)
Will     .....                  (boots unavailable)
Stlth    +.........             (no amulet)
HPRegen  0.06/turn              (no ring)
MPRegen  0.11/turn              (no ring)

@: very quick
A: very small, no large weapons, unfitting armour, see invisible, speed 3
a: no special abilities


You were on level 2 of the Dungeon.
You visited 1 branch of the dungeon, and saw 2 of its levels.

You collected 42 gold pieces.

Inventory:

Hand Weapons
 a - a +0 short sword (weapon)
 i - a +1 dagger of distortion
Missiles
 d - 2 boomerangs of dispersal (quivered)
Armour
 b - a +0 robe (worn)
Scrolls
 c - 2 scrolls of blinking
 f - a scroll of fog {unknown}
 j - a scroll of teleportation
 l - a scroll of immolation {unknown}
 m - a scroll of enchant armour {unknown}
Potions
 e - a potion of lignification
 g - a potion of attraction {unknown}
 h - a potion of heal wounds {unknown}


   Skills:
 - Level 1.5 Fighting
 - Level 2.1 Short Blades
 - Level 1.0 Throwing
 * Level 3.7 Dodging
 + Level 0.4 Stealth
 * Level 2.9 Spellcasting
 * Level 5.6 Translocations


You had 4 spell levels left.
You knew the following spells:

 Your Spells              Type           Power      Damage    Failure   Level
a - Apportation           Tloc           36%        N/A       1%          1
b - Blink                 Tloc           N/A        N/A       3%          2

Your spell library contained the following spells:

 Spells                   Type           Power      Damage    Failure   Level
 Gell's Gravitas          Tloc           9%         N/A       6%          3
 Lesser Beckoning         Tloc           9%         N/A       6%          3
 Teleport Other           Tloc           18%        N/A       6%          3
 Animate Skeleton         Necr           4%         N/A       21%         1
 Corona                   Hex            2%         N/A       21%         1
 Summon Small Mammal      Summ           8%         N/A       21%         1
 Manifold Assault         Tloc           18%        N/A       50%         5


Dungeon Overview and Level Annotations

Branches:
Dungeon (2/15)

Altars:

Shops:
D:2 [

Annotations:
D:2 Sigmund


Innate Abilities, Weirdness & Mutations

You are very small and have problems with some larger weapons.
You are too small for most types of armour.
You have supernaturally acute eyesight. (SInv)
You cover ground extremely quickly. (Speed+++)


Message History

Unknown command.
Throw: dart (poison)
Press: ? - help, Q - select action, (/) - cycle Shift-Dir - straight line, f/p - worm
Aim: a worm (very poisoned, 77% to hit)
You throw a poisoned dart. The poisoned dart hits the worm.
The worm looks even sicker.
Unknown command.
You hit the worm but do no damage.
The worm is lightly wounded.
You hit the worm.
The worm is moderately wounded.
The worm misses you.
You hit the worm but do no damage.
The worm is moderately wounded.
You barely miss the worm.
The worm is heavily wounded.
The worm bites you.
You hit the worm.
The worm is heavily wounded.
The worm misses you.
You hit the worm.
The worm is severely wounded.
You barely miss the worm.
The worm is severely wounded.
The worm barely misses you.
You hit the worm.
The worm is severely wounded.
You hit the worm.
The worm is almost dead.
The worm barely misses you.
You barely miss the worm.
The worm is almost dead.
The worm bites you!
You hit the worm.
The worm is almost dead.
You barely miss the worm.
The worm is almost dead.
The worm bites you!
Ouch! That really hurt!
You die...

#.....[.....
#...........
#...........
#...........
#........... #########
#.....(.....
#.....##.##....w......
#.###.#.......@∩......
#.# #.#...............
#.# #.#..#............
#†# #.#..#............
#.# #.#.............##
#.# #.##..###########
#.# #.#...# #.#
#.#..## ###.# #.#.###


You could see a worm (poisoned).

Vanquished Creatures
  A dart slug (D:1)
  2 ball pythons (D:1)
  3 endoplasms (D:1)
  2 giant cockroaches (D:1)
  3 goblins (D:1)
  2 hobgoblins (D:1)
  2 quokkas (D:1)
  3 bats (D:1)
  6 frilled lizards (D:1)
  A kobold (D:1)
  2 rats
27 creatures vanquished.

Notes
Turn   | Place    | Note
-------+----------+-------------------------------------------
     0 | D:1      | ZARRMARR the Spriggan Warper began the quest for the Orb.
     0 | D:1      | Reached XP level 1. HP: 10/10 MP: 5/5
   590 | D:1      | Reached skill level 5 in Translocations
   590 | D:1      | Reached XP level 2. HP: 12/14 MP: 6/6
   865 | D:1      | Learned a level 1 spell: Apportation
   868 | D:1      | Learned a level 2 spell: Blink
  1579 | D:1      | Reached XP level 3. HP: 18/18 MP: 8/8
  1970 | D:2      | Noticed Sigmund
  2012 | D:2      | Found Laacwy's Antique Armour Shoppe.
  2039 | D:2      | Slain by a worm

Illustrated notes

Levels and vault maps discovered:
D:1:      beargit_arrival_greenhouse, layout_basic
D:2:      layout_basic, serial_shops, shop, uniq_sigmund,
          uniq_crazy_yiuf_cottage, uniq_jessica

Skill      XL: |  1 |
---------------+----+-----
Translocations | 5 |  5.6
Fighting       | |  1.5
Short Blades   | |  2.1
Throwing       | |  1.0
Dodging        | |  3.7
Stealth        | |  0.4
Spellcasting   | |  2.9

Action                   || total
-------------------------++-------
Melee: Short sword       ||   112
Throw: Boomerang         ||     3
       Dart              ||    17
 Cast: Apportation       ||    17
  Use: Potion            ||     1
       Scroll            ||     1
 Stab: Sleeping          ||     1
Armor: Robe              ||    14
       Skin              ||     5
Dodge: Dodged            ||    88
